 Dungeon Crawl Stone Soup version 0.29-a0-923-g6e406bff71 (webtiles) character file.

Game seed: 10058558713676421367

230 xian the Magician (level 5, -5/24 HPs)
             Began as a Spriggan Conjurer on July 28, 2022.
             Was a Believer of Wu Jian.
             Constricted to death by Terence (6 damage)
             ... on level 3 of the Dungeon.
             The game lasted 00:07:01 (2907 turns).

xian the Magician (Spriggan Conjurer)               Turns: 2907, Time: 00:07:01

Health: -5/24      AC:  2    Str:  5    XL:     5   Next: 72%
Magic:  6/13       EV: 14    Int: 20    God:    Wu Jian [**....]
Gold:   128        SH:  0    Dex: 13    Spells: 10/13 levels left

rFire   . . .      SeeInvis +   d - +0 dagger
rCold   . . .      Faith    .   (no shield)
rNeg    . . .      Spirit   .   a - +0 robe
rPois   .          Reflect  .   (helmet restricted)
rElec   .          Harm     .   (no cloak)
rCorr   .          Rampage  .   (gloves unavailable)
Will    .....                   (boots unavailable)
Stlth   ++........              (no amulet)
HPRegen 0.08/turn               (no ring)
MPRegen 0.13/turn               (no ring)

@: grasped by roots, constricted, very quick
A: very small, no large weapons, unfitting armour, see invisible, speed 3
a: Renounce Religion, Wall Jump


You were on level 3 of the Dungeon.
You worshipped Wu Jian.
Wu Jian was pleased with you.
You visited 1 branch of the dungeon, and saw 3 of its levels.

You collected 128 gold pieces.

Inventory:

Hand Weapons
 d - a +0 dagger (weapon)
Armour
 a - a +0 robe (worn)
Potions
 b - 2 potions of magic
 c - a potion of brilliance {unknown}
 e - a potion of flight {unknown}
 f - 3 potions of curing
 i - 2 potions of might {unknown}
 j - a potion of lignification {unknown}


   Skills:
 + Level 0.1 Fighting
 + Level 0.3 Short Blades
 + Level 3.2 Dodging
 + Level 4.0 Stealth
 + Level 4.7 Spellcasting
 + Level 4.3 Conjurations


You had 10 spell levels left.
You knew the following spells:

 Your Spells              Type           Power      Damage    Failure   Level
a - Magic Dart            Conj           88%        1d7       1%          1
b - Searing Ray           Conj           44%        2d6       3%          2

Your spell library contained the following spells:

 Spells                   Type           Power      Damage    Failure   Level
 Dazzling Flash           Conj/Hex       26%        N/A       14%         3
 Fulminant Prism          Conj/Hex       6%         3d7       43%         4
 Iskenderun's Mystic Bla  Conj/Tloc      13%        2d5       43%         4


Dungeon Overview and Level Annotations

Branches:
Dungeon (3/15)

Altars:
Wu Jian

Shops:
D:2 [

Annotations:
D:3 Terence


Innate Abilities, Weirdness & Mutations

You are very small and have problems with some larger weapons.
You are too small for most types of armour.
You have supernaturally acute eyesight. (SInv)
You cover ground extremely quickly. (Speed+++)


Message History

The magic dart hits Terence but does no damage.
Casting: Magic Dart (safe; 1% risk of failure)
Confirm with . or Enter, or press ? or * to list all spells.
You can't see any susceptible monsters within range! (Use Z to cast anyway.)
The magic dart hits Terence but does no damage.
Casting: Magic Dart (safe; 1% risk of failure)
Confirm with . or Enter, or press ? or * to list all spells.
You can't see any susceptible monsters within range! (Use Z to cast anyway.)
The magic dart hits Terence but does no damage.
Casting: Magic Dart (safe; 1% risk of failure)
Confirm with . or Enter, or press ? or * to list all spells.
Aiming: Searing Ray (safe; 3% risk of failure)
Press: ? - help, Shift-Dir - straight line, f/p - Terence
Aim: Terence, wielding a +2 mace of protection, wearing a +0 scale mail and carrying a wand of roots (5) (81% to hit)
The searing ray hits Terence!
Terence is heavily wounded. (Press . to maintain the ray.)
The searing ray misses Terence.
A frilled lizard comes into view.
The searing ray hits Terence.
Terence is heavily wounded.
Terence zaps a wand.
The roots erupt in riotous growth!
The grasping roots grab you! The grasping roots constrict you.
You hear an angry hiss.
The searing ray misses Terence.
You finish channelling your searing ray.
The grasping roots constrict you.
Terence hits you with a +2 mace of protection.
The grasping roots constrict you.
* * * LOW HITPOINT WARNING * * *
You escape the roots grasp.
Terence zaps a wand.
The roots erupt in riotous growth!
The grasping roots grab you! The grasping roots constrict you.
* * * LOW HITPOINT WARNING * * *
There is a stone staircase leading down here.
The roots grasp on you weakens, but your attempt to escape fails.
The grasping roots constrict you.
You die...

##### #...# #####
....# #...
#...###.#
##......###########
......<.........@.#
#################@#
# #.# # ... # ##...
# ....# ## ....# .#
l...# .# .....#


You could see Terence.

Vanquished Creatures
  Sigmund (D:2)
  3 adders
  2 dart slugs
  6 ball pythons
  2 endoplasms
  3 giant cockroaches
  10 goblins
  4 hobgoblins
  7 kobolds
  A bat (D:1)
  5 frilled lizards
  2 rats
46 creatures vanquished.

Notes
Turn   | Place    | Note
-------+----------+-------------------------------------------
     0 | D:1      | xian the Spriggan Conjurer began the quest for the Orb.
     0 | D:1      | Reached XP level 1. HP: 9/9 MP: 5/5
   393 | D:1      | Found a faded altar of an unknown god.
   408 | D:1      | Prayed at the altar of an unknown god.
   408 | D:1      | Became a worshipper of the Wu Jian Council
   408 | D:1      | Reached * piety under Wu Jian
   411 | D:1      | Reached XP level 2. HP: 13/13 MP: 4/6
  1128 | D:2      | Reached XP level 3. HP: 16/16 MP: 6/8
  1214 | D:2      | Learned a level 2 spell: Searing Ray
  1754 | D:2      | Noticed Sigmund
  1760 | D:2      | Killed Sigmund
  1761 | D:2      | Reached XP level 4. HP: 9/21 MP: 1/11
  1761 | D:2      | Reached XP level 5. HP: 10/24 MP: 1/12
  2278 | D:2      | Reached ** piety under Wu Jian
  2359 | D:2      | Found Acsaesy's Antique Armour Boutique.
  2897 | D:3      | Noticed Terence
  2906 | D:3      | HP: 1/24 [constriction (3)]
  2907 | D:3      | Constricted to death by Terence

Illustrated notes

Levels and vault maps discovered:
D:1:      dpeg_arrival_morbid_curiosity, layout_basic,
          chequers_ecumenical_altar_simple_redux
D:2:      layout_basic, serial_shops, shop, uniq_sigmund
D:3:      layout_loops_ring, palyth_stone_intersect, uniq_natasha, uniq_jessica,
          uniq_terence

Skill      XL: |  1  2  3 |
---------------+----------+-----
Conjurations   | 3 4 |  4.3
Spellcasting   | 4 |  4.7
Dodging        | 3 |  3.2
Stealth        | 4 |  4.0
Fighting       | |  0.1
Short Blades   | |  0.3

Action                   |  1- 3 |  4- 6 || total
-------------------------+-------+-------++-------
Melee: Unarmed           |     1 |       ||     1
       Dagger            |     4 |       ||     4
 Cast: Magic Dart        |    58 |    31 ||    89
       Searing Ray       |     3 |     4 ||     7
  Use: Scroll            |       |     3 ||     3
Armor: Robe              |     2 |     1 ||     3
Dodge: Dodged            |    14 |     7 ||    21

Table legend: (Time is in decaauts)
 A = Elapsed time spent in this place.
 B = Non-inter-level travel time spent in this place.
 C = Inter-level travel time spent in this place.
 D = Time resting spent in this place.
 E = Time spent auto-exploring this place.
 F = Levels seen in this place.
 G = Mean time per level.
                   A        B        C        D        E       F      G
               +--------+--------+--------+--------+--------+-----+--------+
         Total |   2236 |   2172 |     64 |     43 |   1863 |   3 |  745.3 |
       Dungeon |   2236 |   2172 |     64 |     43 |   1863 |   3 |  745.3 |
               +--------+--------+--------+--------+--------+-----+--------+

Top non-repeatable levels by time:
     D:2: 1246 daAuts
     D:1: 772 daAuts
     D:3: 216 daAuts
